 Dungeon Crawl Stone Soup version 0.26.1-11-gd32895ea62 (webtiles) character file.

Game seed: 5703629303307331949

55 Ezendos the Skirmisher (level 3, -5/26 HPs)
             Began as an Octopode Transmuter on July 14, 2021.
             Slain by an orc wizard
             ... wielding a +0 whip
              (6 damage)
             ... on level 3 of the Dungeon.
             The game lasted 00:05:24 (2293 turns).

Ezendos the Skirmisher (Octopode Transmuter)        Turns: 2293, Time: 00:05:25

Health: -5/26      AC:  1    Str:  9    XL:     3   Next: 93%
Magic:  6/6        EV: 13    Int: 16    God:
Gold:   93         SH:  0    Dex: 12    Spells: 0/6 levels left

rFire    . . .     SeeInvis .     - Unarmed
rCold    . . .     Faith    .   (no shield)
rNeg     . . .     Spirit   .   (helmet currently unavailable)
rPois    .         Reflect  .   (no amulet)
rElec    .         Harm     .   (no ring)
rCorr    .         Rampage  .   (no ring)
Will     .....                  (no ring)
Stlth    ++........             (no ring)
HPRegen  0.08/turn              (no ring)
MPRegen  0.10/turn              (no ring)
                                (no ring)
                                (no ring)

@: appendages (expiring), hasted, very quick
A: almost no armour, stealthy swim, amphibious, 8 rings, constrict 8, tentacle
spike 3, camouflage 1, gelatinous body 1
a: End Transformation


You were on level 3 of the Dungeon.
One of your tentacles had a temporary spike.
You visited 1 branch of the dungeon, and saw 3 of its levels.

You collected 93 gold pieces.

Inventory:

Missiles
 a - 5 atropa-tipped darts
 m - 15 poisoned darts
Jewellery
 j - an uncursed amulet of magic regeneration {unknown}
Scrolls
 b - 3 scrolls of remove curse
 c - a scroll of identify
 d - a scroll of blinking
 e - 2 scrolls of magic mapping
 f - a scroll of enchant armour
Potions
 g - a potion of mutation {unknown}
 h - a potion of degeneration {unknown}
 i - a potion of invisibility {unknown}
 l - a potion of lignification {unknown}


   Skills:
 + Level 3.6 Fighting
 - Level 2.0 Dodging
 - Level 3.0 Unarmed Combat
 - Level 2.0 Spellcasting
 - Level 2.0 Transmutations


You couldn't memorise any spells.
You knew the following spells:

 Your Spells              Type           Power        Failure   Level
a - Beastly Appendage     Tmut           16%          9%          1
b - Wereblood             Tmut           8%           14%         2
c - Spider Form           Tmut/Pois      2%           38%         3

Your spell library contained the following spells:

 Spells                   Type           Power        Failure   Level
 Ice Form                 Ice/Tmut       4%           80%         4
 Blade Hands              Tmut           4%           94%         5


Dungeon Overview and Level Annotations

Branches:
Dungeon (3/15)

Altars:

Annotations:
D:3 exclusion: adder


Innate Abilities, Weirdness & Mutations

You cannot wear most types of armour.
You are very stealthy in the water. (Stealth+)
You are amphibious.
You can wear up to eight rings at the same time.
You can use your tentacles to constrict eight enemies at once.
Your skin changes colour to match your surroundings (Stealth+).
Your rubbery body absorbs attacks. (AC +1, EV +1)
One of your tentacles bears a large vicious spike.


Message History

You miss something.
You pierce something.
Your squeeze misses something. Something hits you.
* * * LOW HITPOINT WARNING * * *
You feel less confused. Something barely misses you.
You closely miss something.
You pierce something.
Something hits you.
* * * LOW HITPOINT WARNING * * *
Okay, then.
It was a potion of haste.
You feel yourself speed up. The orc hits you with a +0 war axe.
* * * LOW HITPOINT WARNING * * *
Something barely misses you.
You tentacle-slap something. You squeeze something. You tentacle-slap the orc.
Your grab misses the orc.
You pierce the orc.
The orc is heavily wounded.
Something hits you.
* * * LOW HITPOINT WARNING * * *
The orc barely misses you.
You closely miss something. Something hits you.
You die...

#####.S
......#.# ##
.... #.#
.### #..#
#.# ...#
#..# #.#
####
#..###.#
#>.[##.#
#.#..#)# ###
#.##.#.# ..#
#.##@†.#
..##
#.##.o##
...#######
#.##..#
.........#
##.##..#
########.#
#..##..#
#.###.###.##
#..##.# ###
##..#.#
##.#.#


You could see an orc.

Vanquished Creatures
  An ooze (D:1)
  A worm (D:2)
  3 orcs (D:3)
  8 bats
  3 giant cockroaches (D:1)
  5 goblins (D:1)
  4 hobgoblins
  7 jackals
  A quokka (D:3)
  A frilled lizard (D:1)
  2 kobolds (D:1)
  4 rats
40 creatures vanquished.

Notes
Turn   | Place    | Note
-------+----------+-------------------------------------------
     0 | D:1      | Ezendos the Octopode Transmuter began the quest for the
                  | Orb.
     0 | D:1      | Reached XP level 1. HP: 13/13 MP: 3/3
    33 | D:1      | Reached XP level 2. HP: 9/19 MP: 3/5
   246 | D:1      | Learned a level 2 spell: Wereblood
   487 | D:1      | Reached XP level 3. HP: 22/25 MP: 2/6
  2071 | D:3      | Learned a level 3 spell: Spider Form
  2292 | D:3      | HP: 1/26 [something (1)]
  2293 | D:3      | Slain by an orc wizard

Illustrated notes

Levels and vault maps discovered:
D:1:      lightli_arrival_noodles, layout_rooms
D:2:      layout_loops_ring
D:3:      minmay_octagon_keep, layout_rooms

Skill      XL: |  1  2  3 |
---------------+----------+-----
Fighting       | 2 3 |  3.6
Dodging        | |  2.0
Unarmed Combat | |  3.0
Spellcasting   | |  2.0
Transmutations | |  2.0

Action                   || total
-------------------------++-------
Melee: Unarmed           ||   107
       Tentacles         ||    16
       Constrict         ||    28
       Kick              ||    25
       Punch             ||     2
 Cast: Beastly Appendage ||    19
       Wereblood         ||     1
  Use: Scroll            ||     7
       Potion            ||     2
 Stab: Sleeping          ||     2
Armor: Skin              ||    13
Dodge: Dodged            ||    74
